 Dungeon Crawl Stone Soup version 0.31.0-4-g52a2dc7128 (webtiles) character file.

Game seed: 8687276217332974458

7 Aviak the Apothecary (level 1, 9/9 HPs)
             Began as a Spriggan Alchemist on Jan 21, 2024.
             Was a Follower of Cheibriados.
             Quit the game on level 1 of the Dungeon.
             The game lasted 00:00:55 (573 turns).

Aviak the Apothecary (Spriggan Alchemist)            Turns: 573, Time: 00:00:55

Health: 9/9        AC:  2    Str:  6    XL:     1   Next: 91%
Magic:  5/5        EV: 18    Int: 18    God:    Cheibriados [*.....]
Gold:   99         SH:  0    Dex: 17    Spells: 4/5 levels left

rFire   . . .        (weapon restricted)
rCold   . . .        (no shield)
rNeg    . . .        a - +0 robe
rPois   .            (helmet restricted)
rElec   .            (no cloak)
rCorr   .            (gloves unavailable)
SInv    +            (boots unavailable)
Will    .....        (no amulet)
Stlth   +++          (no ring)
HPRegen 0.21/turn    (no ring)
MPRegen 0.09/turn

%: no passive effects
@: no status effects
A: very small, no large weapons, unfitting armour, see invisible, speed 3
a: Renounce Religion, Bend Time


You were on level 1 of the Dungeon.
You worshipped Cheibriados.
Cheibriados was aware of your devotion.
You visited 1 branch of the dungeon, and saw 1 of its levels.

You collected 99 gold pieces.

Inventory:

Armour
 a - a +0 robe (worn)
Scrolls
 d - a scroll of poison {unknown}
 e - a scroll of vulnerability {unknown}
 f - a scroll of amnesia {unknown}
Potions
 b - a potion of magic
 c - a potion of curing {unknown}


   Skills:
 + Level 3.0 Dodging
 + Level 3.3 Stealth
 + Level 2.9 Spellcasting
 - Level 0.6 Conjurations
 + Level 3.4 Alchemy


You had 4 spell levels left.
You knew the following spells:

 Your Spells              Type           Power      Damage    Failure   Level
a - Sting                 Conj/Alch      36%        1d5       7%          1

Your spell library contained the following spells:

 Spells                   Type           Power      Damage    Failure   Level
 Mercury Vapours          Alch/Air       16%        N/A       12%         2
 Mephitic Cloud           Conj/Alch/Air  7%         N/A       28%         3
 Olgreb's Toxic Radiance  Alch           15%        N/A       36%         4
 Sticky Flame             Fire/Alch      8%         2d4       63%         4


Dungeon Overview and Level Annotations

Branches:
Dungeon (1/15)

Altars:
Cheibriados


Innate Abilities, Weirdness & Mutations

You are very small and have problems with some larger weapons.
You are too small for most types of armour.
You have supernaturally acute eyesight. (SInv)
You cover ground extremely quickly. (Speed+++)


Message History

The ball python hisses angrily.
The sting hits the ball python.
The ball python looks even sicker.
You kill the ball python!
You can't see any susceptible monsters within range! (Use Z to cast anyway.)
You now have 55 gold pieces (gained 5).
You see here a +0 plate armour.
You now have 68 gold pieces (gained 13).
Found a mace.
Found a stone staircase leading down.
There is a stone staircase leading down here.
f - a scroll labelled QIL ODURUNG
Found a stone staircase leading down.
There is a stone staircase leading down here.
A rat comes into view.
You can't see any susceptible monsters within range! (Use Z to cast anyway.)
You can't see any susceptible monsters within range! (Use Z to cast anyway.)
You can't see any susceptible monsters within range! (Use Z to cast anyway.)
You can't see any susceptible monsters within range! (Use Z to cast anyway.)
You can't see any susceptible monsters within range! (Use Z to cast anyway.)
The sting hits the rat.
The rat is poisoned.
You kill the rat!
Your Dodging skill increases to level 3!
You can't see any susceptible monsters within range! (Use Z to cast anyway.)
You can't see any susceptible monsters within range! (Use Z to cast anyway.)
You see here a rat corpse.
Found 10 stones.
You see here 10 stones.
Found a faded altar of an unknown god.
You now have 82 gold pieces (gained 14).
You now have 99 gold pieces (gained 17).
A kobold comes into view. It is wielding a +0 club.
There is a faded altar of an unknown god here.
This altar belongs to (a) Ru, (b) Lugonu or (c) Cheibriados, but you can't tell which.
Press the corresponding letter to learn more about a god, or press enter to convert or escape to cancel.
Cheibriados accepts your prayer! Cheibriados welcomes you!
Cheibriados begins to support your attributes as your movement slows.
Cheibriados is now slowing the effects of poison on you.
You can now bend time to slow others.
Cheibriados raises the support of your attributes as your movement slows.
Are you sure you want to abandon this character and quit the game? (Confirm with "yes".)

.......##
#......#
#####.##
####.#.# #.#
#.#.# #.#
#.#.# #.#
#.#.## #.#
##....## #.#
#..PP♣.# #.#
#♣..♣.♣# #.#
#♣P.@P.#
#..PP..#
##..♣..#
#######...#.#
#.......#...#
#.#######.###
#.#####...#
..........#
.#.#####...#


There were no monsters in sight!

Vanquished Creatures
  A dart slug (D:1)
  An endoplasm (D:1)
  2 ball pythons (D:1)
  2 rats (D:1)
6 creatures vanquished.

Notes
Turn   | Place    | Note
-------+----------+-------------------------------------------
     0 | D:1      | Aviak the Spriggan Alchemist began the quest for the Orb.
     0 | D:1      | Reached XP level 1. HP: 9/9 MP: 5/5
   531 | D:1      | Found a faded altar of an unknown god.
   572 | D:1      | Prayed at the altar of an unknown god.
   572 | D:1      | Became a worshipper of Cheibriados the Contemplative
   572 | D:1      | Reached * piety under Cheibriados
   573 | D:1      | Quit the game

Illustrated notes

Levels and vault maps discovered:
D:1:      dpeg_arrival_tiny_a, layout_loops_ring,
          ebering_ecumenical_altar_petrified

Skill      XL: |  1 |
---------------+----+-----
Dodging        | 3 |  3.0
Stealth        | |  3.3
Spellcasting   | |  2.9
Conjurations   | |  0.6
Alchemy        | |  3.4

Action                     || total
---------------------------++-------
  Melee: Unarmed           ||     3
         Punch             ||     1
   Cast: Sting             ||    15
   Stab: Sleeping          ||     1
 Armour: Robe              ||     4
  Dodge: Dodged            ||     3
